Map: Chain of Ascension

Players

NamroodTuo

  • Race: Zerg Zerg

lukasz

  • Race: Terran Terran
  • Spawn Location: 11:00

VOD

Have the link to the VOD?

Description

Time

  • Played on: March 11, 2023, 4:23 p.m.
  • Length: 28:39
Show
View Real Time Build Order
Export as new Build Order

NamroodTuo Zerg 

Build Orders:  

Get SALT Encoding   

  12  0:13  Overlord  
  12  0:20  Infested SCV  
  12  0:26  Infested SCV  
  14  0:34  Infested SCV  
  15  0:41  Infested SCV  
  16  0:50  Infested SCV  
  17  1:06  Infested SCV  
  18  1:12  Infested Refinery  
  18  1:15  Infested Refinery  
  18  1:21  Infested SCV  
  19  1:32  Infested Barracks  
  19  1:38  Overlord  
  19  1:56  Infested SCV  
  20  2:09  Infested SCV  
  21  2:25  Infested SCV  
  22  2:33  Infested Engineering Bay  
  22  2:43  Infested Factory  
  22  2:50  Infested SCV  
  22  2:58  Infested SCV  
  24  3:28  Infested SCV, Infested Bunker  
  29  3:34  Infested SCV  
  30  3:47  Infested Factory Tech Lab  
  30  4:02  Infested Marine  
  26  4:34  Infested Bunker  
  30  4:40  Overlord  
  30  4:41  Overlord  
  30  4:50  Overlord  
  30  5:03  Infested SCV  
  30  5:08  Infested Diamondback  
  34  5:26  Infested SCV  
  34  5:28  Infested SCV  
  34  5:29  Infested SCV  
  37  5:38  Infested Armory  
  36  5:48  Infested Factory  
  36  6:26  Infested Diamondback  
  39  6:45  Saturated Cultures  
  39  6:56  Infested Marine  
  39  6:57  Infested Marine x11  
  39  6:58  Infested Marine x4  
  40  7:35  Unknown  
  39  7:56  Infested Factory Tech Lab  
  39  7:58  Caustic Mucus  
  39  8:05  Stukov Vehicle and Ship Weapons Level 1  
  39  8:26  Infested Missile Turret  
  39  8:28  Automated Mitosis  
  43  8:38  Infested Siege Tank  
  46  8:43  Infested Siege Tank  
  49  8:50  Overlord  
  49  8:56  Infested Missile Turret  
  49  9:05  Overlord  
  49  9:10  Overseer  
  49  9:11  Overseer x2  
  49  9:24  Aggressive Incubation  
  49  9:26  Infested Bunker  
  49  9:28  Acidic Enzymes  
  49  10:13  Infested SCV x3  
  49  10:14  Infested SCV  
  49  10:18  Infested Command Center  
  53  10:21  Overlord  
  53  10:45  Stukov Vehicle and Ship Armor Level 1  
  53  10:57  Infested Missile Turret  
  53  11:56  Infested Diamondback  
  53  11:57  Infested Diamondback x4  
  68  12:43  Overlord x4  
  68  12:44  Overlord  
  65  13:25  Stukov Vehicle and Ship Weapons Level 2  
  62  13:45  Infested Siege Tank  
  62  13:46  Infested Siege Tank x2, Infested Diamondback x2  
  62  13:47  Infested Siege Tank, Infested Diamondback  
  83  14:01  Infested SCV x2  
  83  14:02  Infested SCV x2  
  87  14:15  Infested Refinery  
  87  14:16  Infested Refinery  
  87  14:36  Overlord x2  
  87  14:37  Overlord  
  87  14:42  Overseer x2  
  87  14:43  Overseer x2  
  87  15:52  Infested Siege Tank  
  87  15:53  Infested Siege Tank, Infested Diamondback x2  
  87  15:54  Infested Siege Tank x2, Infested Diamondback  
  108  16:13  Infested SCV x3  
  108  16:14  Infested SCV x2  
  107  16:47  Infested Diamondback  
  107  16:48  Infested Diamondback x2  
  116  17:14  Infested Diamondback x2  
  116  17:15  Infested Diamondback  
  122  17:48  Overlord x3  
  122  17:49  Overlord x2  
  122  17:56  Overlord x3  
  122  18:13  Overlord x3  
  122  18:18  Overlord  
  122  18:31  Overlord  
  122  18:37  Overlord  
  118  19:32  Infested Siege Tank  
  118  19:33  Infested Siege Tank x3  
  118  19:34  Infested Siege Tank  
  118  19:35  Infested Siege Tank x3  
  142  19:41  Stukov Vehicle and Ship Armor Level 2  
  142  19:50  Infested SCV x3  
  142  19:58  Overseer x2  
  142  19:59  Overseer  
  145  20:01  Overseer  
  145  20:48  Infested Siege Tank  
  145  20:49  Infested Siege Tank x2, Infested Diamondback x3  
  133  21:32  Infested Siege Tank x3, Infested Diamondback x2  
  133  21:33  Infested Siege Tank  
  151  22:15  Infested Siege Tank  
  151  22:16  Infested Siege Tank x2, Infested Diamondback x2  
  166  22:22  Overlord x2  
  166  22:37  Infested SCV  
  166  22:38  Infested SCV  
  168  22:40  Infested SCV  
  168  22:43  Infested SCV  
  168  22:45  Infested SCV  
  171  22:51  Stukov Vehicle and Ship Weapons Level 3  
  171  22:53  Infested SCV  
  172  23:25  Overlord x2  
  172  23:26  Overlord  
  172  23:29  Overlord x4  
  172  24:03  Infested Diamondback x3  
  172  24:04  Infested Diamondback x3  
  164  25:42  Infested SCV  
  164  25:43  Infested SCV x3  
  168  26:27  Infested Bunker  
  176  26:35  Infested Bunker  
  176  26:43  Infested Missile Turret  
  168  27:54  Infested Missile Turret  
Show
View Real Time Build Order
Export as new Build Order

lukasz Terran 

Build Orders:  

Get SALT Encoding   

  12  0:06  SCV  
  13  0:23  SCV  
  14  0:38  Supply Depot  
  14  0:44  Supply Depot  
  14  0:57  Barracks  
  14  1:06  SCV  
  15  1:23  SCV  
  16  1:34  Barracks  
  16  1:56  Refinery  
  16  2:01  Refinery  
  16  2:05  SCV  
  17  2:10  Barracks  
  17  2:22  SCV  
  18  2:39  SCV  
  19  2:56  SCV  
  19  2:57  Barracks Tech Lab  
  20  3:07  Barracks Tech Lab  
  20  3:12  SCV  
  20  3:14  Engineering Bay  
  21  3:21  Barracks Reactor  
  21  3:29  SCV  
  22  3:46  SCV  
  23  3:51  Firebat  
  23  3:52  Firebat  
  27  4:03  SCV, Medic  
  30  4:20  SCV  
  31  5:22  Supply Depot  
  31  5:23  Supply Depot  
  31  5:25  SCV, Supply Depot  
  31  5:28  Supply Depot  
  31  5:29  Supply Depot  
  32  5:31  Supply Depot  
  32  5:33  Supply Depot  
  32  5:35  Supply Depot  
  32  5:37  Medic  
  32  5:38  Medic  
  32  5:48  Firebat  
  36  5:50  Marine x2  
  36  5:51  Marine  
  41  6:14  Engineering Bay  
  41  6:22  Marauder  
  43  6:52  Engineering Bay  
  43  7:20  Unknown  
  43  7:58  Terran Infantry Weapons Level 1  
  43  7:59  Terran Infantry Armor Level 1  
  43  8:07  Factory  
  43  8:11  Stabilizer Medpacks  
  43  8:28  SCV  
  44  8:45  SCV  
  45  9:02  SCV  
  46  9:10  Unknown, Concussive Shells, Command Center  
  46  9:11  Incinerator Gauntlets  
  43  9:56  Marine x2  
  43  9:57  Marine x2  
  36  10:06  Marine  
  36  10:07  Marine x3  
  35  10:10  Juggernaut Plating  
  35  10:17  Marine x4  
  37  10:27  Marine x3  
  37  10:28  Firebat  
  37  10:33  Vulture  
  37  10:38  Firebat  
  37  10:39  Unknown  
  41  10:41  Firebat  
  41  10:43  Vulture  
  47  10:51  Firebat  
  47  10:53  Firebat  
  47  10:54  Refinery  
  51  11:03  Firebat  
  53  11:10  Unknown  
  53  11:16  Firebat  
  55  11:28  Medic  
  55  11:38  Medic  
  57  11:47  Medic  
  57  11:49  Medic  
  57  11:57  Medic  
  57  11:59  Medic  
  59  12:01  Marine  
  59  12:02  Marine  
  59  12:07  Medic  
  59  12:09  Medic  
  65  12:11  Orbital Command  
  69  12:20  SCV  
  69  12:25  Marauder  
  69  12:29  Marauder  
  72  12:37  SCV  
  75  12:53  SCV  
  76  13:10  SCV  
  73  13:27  SCV  
  74  13:34  Marauder  
  74  13:35  Marauder  
  74  13:38  Marine x2  
  78  13:47  Firebat x2  
  78  13:48  Marine x2  
  86  14:25  SCV  
  87  14:38  Marauder  
  87  14:39  Marauder  
  87  14:42  SCV  
  92  14:51  Marauder x2  
  92  14:59  SCV  
  97  15:03  Medic x2  
  101  15:10  Marine  
  101  15:11  Marine  
  101  15:13  Medic  
  101  15:14  Medic  
  101  15:16  SCV  
  108  15:21  Marine x2  
  110  16:08  Armory  
  110  17:07  SCV  
  110  18:07  Terran Infantry Weapons Level 2  
  110  18:08  Terran Infantry Armor Level 2  
  110  19:02  Firebat  
  110  19:39  Supply Depot  
  110  19:40  Marine x3, Firebat  
  110  19:41  Supply Depot  
  110  19:45  Supply Depot  
  110  19:47  Supply Depot  
  115  19:50  Marine x3, Supply Depot  
  115  19:52  Marine, Supply Depot  
  115  19:54  Supply Depot  
  115  19:55  Supply Depot  
  115  19:57  Supply Depot  
  115  19:59  Supply Depot  
  119  20:00  Marine x3  
  119  20:02  Marine  
  119  20:03  Terran Vehicle and Ship Weapons Level 1  
  121  20:10  Marine x3  
  121  20:13  Marine  
  123  20:20  Medic  
  123  20:23  Marine  
  124  20:31  Medic  
  124  20:32  Orbital Command  
  124  20:33  Medic  
  128  20:41  Medic  
  128  20:43  Medic  
  132  21:18  Unknown, Marauder x2  
  132  21:19  Marine  
  132  21:20  Marine  
  138  21:30  Marine x2, Marauder  
  138  21:31  Marauder  
  144  21:40  Marine x2  
  144  21:43  Marauder x2  
  150  21:50  Marine x2  
  150  21:56  Marine, Marauder  
  155  22:06  Marine  
  156  22:12  Terran Infantry Weapons Level 3  
  156  22:13  Terran Infantry Armor Level 3  
  156  22:43  Terran Vehicle And Ship Armor Level 1  
  154  23:39  Marine  
  154  23:40  Marine x3  
  158  23:50  Marine x4  
  162  24:00  Marine  
  162  24:01  Marauder x2  
  167  24:14  Marauder x2  
  171  24:26  Marauder x2  
  167  25:23  Advanced Optics  
  166  25:53  Unknown  
  166  26:05  Marine x3  
  166  26:06  Marine  
  170  26:16  Firebat x2  
  174  26:29  Firebat x2  
  174  26:41  Medic, Firebat  
  176  26:51  Medic  
  176  26:54  Medic  
  180  27:23  Afterburners  
  180  27:45  Medic x2  
  184  27:55  Medic  
  184  27:56  Medic  
  188  28:05  Medic  
Tags
 
Add a new tag
Caveats
  • Supply blocks, unpowered buildings, or Contaminate may cause inaccurate times.
  • Supply counts are checked every 10 seconds.